 Dungeon Crawl Stone Soup version 0.28-a0-1518-gbe868bca14 (webtiles) character file.

Game seed: 11724995441970377245

273634 browni3141 the Hoplite (level 21, -1/159 HPs)
             Began as a Formicid Abyssal Knight on Jan 17, 2022.
             Was the Champion of Lugonu.
             Killed from afar by a lich (26 damage)
             ... with a bolt of cold
             ... on level 3 of the Abyss.
             The game lasted 02:39:53 (63628 turns).

browni3141 the Hoplite (Formicid Abyssal Knight)   Turns: 63628, Time: 02:39:54

Health: -1/159     AC: 35    Str: 29 (30) XL:     21   Next: 15%
Magic:  31/31      EV: 10    Int: 11      God:    Lugonu [******]
Gold:   3175       SH: 32    Dex: 21      Spells: 20/20 levels left

rFire   + . .      SeeInvis +   a - +6 great sword (flame)
rCold   + . .      Faith    .   p - +2 tower shield
rNeg    . . .      Spirit   .   B - +4 gold dragon scales
rPois   +          Reflect  +   (helmet unavailable)
rElec   +          Harm     .   R - +2 cloak
rCorr   .          Rampage  .   C - +2 pair of gloves {hurl}
Will    ++...                   q - +2 pair of boots
Stlth   ..........              k - amulet "Miafof" {Reflect rElec Regen+ Str-2 SH+5}
HPRegen 1.16/turn               v - +6 ring of dexterity
MPRegen 0.22/turn               l - +6 ring of strength

@: mighty, lethally poisoned (-1 -> -23)
A: permanent stasis, dig shafts and tunnels, antennae 3, four strong arms,
deterioration 1, strong 1
}: 2/15 runes: decaying, gossamer
a: Dig, Shaft Self, Renounce Religion, Depart the Abyss, Bend Space, Banish,
Corrupt, Enter the Abyss, Brand Weapon With Distortion


You were on level 3 of the Abyss.
You worshipped Lugonu.
Lugonu was exalted by your worship.
You visited 7 branches of the dungeon, and saw 35 of its levels.
You visited the Abyss 3 times.
You also visited: Gauntlet and Ice Cave.

You collected 4785 gold pieces.
You spent 1610 gold pieces at shops.

Inventory:

Hand Weapons
 a - a +6 great sword of flaming (weapon)
 b - the +7 hand crossbow of Crystal {elec, rElec rCorr Str+3 Int+3}
   (You bought it in a shop on level 2 of the Orcish Mines)

   Any ammunition fired from it occasionally discharges a powerful burst of
   electricity upon striking a foe.
   Str:       It affects your strength (+3).
   Int:       It affects your intelligence (+3).
   rElec:     It insulates you from electricity.
   rCorr:     It protects you from acid and corrosion.
Missiles
 N - 265 bolts
 S - 4 curare-tipped darts (quivered)
 X - 3 throwing nets
Armour
 p - a +2 tower shield (worn)
 q - a +2 pair of boots (worn)
 B - +4 gold dragon scales (worn)
 C - a +2 pair of gloves of hurling (worn)
 R - a +2 cloak (worn)
Jewellery
 k - the amulet "Miafof" (around neck) {Reflect rElec Regen+ Str-2 SH+5}
   (You took it off a death knight on level 12 of the Dungeon)

   [amulet of reflection]

   It reflects blocked missile attacks.
   Str:       It affects your strength (-2).
   rElec:     It insulates you from electricity.
   Regen:     It increases your rate of health regeneration.
   SH:        It affects your SH (+5).
 l - a +6 ring of strength (right hand)
 n - the ring "Pewop" {rF+ rC+ rCorr SInv}
   (You took it off a deep elf zephyrmancer on level 3 of the Elven Halls)

   [ring of protection from cold]

   rF:        It protects you from fire.
   rC:        It protects you from cold.
   SInv:      It lets you see invisible.
   rCorr:     It protects you from acid and corrosion.
 r - the ring "Tunwoss" {Fly rC+ rN+ Will- SInv}
   (You found it on level 11 of the Dungeon)

   [ring of flight]

   rC:        It protects you from cold.
   rN:        It protects you from negative energy.
   SInv:      It lets you see invisible.
   Fly:       It grants you flight.
   Will:      It decreases your willpower.
 u - the ring of Upithifikk {Will+ rCorr Int-5 SInv}
   (You found it on level 14 of the Dungeon)

   [ring of willpower]

   Int:       It affects your intelligence (-5).
   SInv:      It lets you see invisible.
   rCorr:     It protects you from acid and corrosion.
   Will:      It increases your willpower.
 v - a +6 ring of dexterity (left hand)
Wands
 e - a wand of digging (21)
 g - a wand of polymorph (30)
 h - a wand of iceblast (2)
 A - a wand of charming (13)
 E - a wand of acid (9)
 Q - a wand of paralysis (10)
Scrolls
 d - a scroll of silence
 i - a scroll of enchant weapon
 j - 3 scrolls of magic mapping
 y - 6 scrolls of fog
 F - 13 scrolls of noise
 J - 9 scrolls of fear
 M - 6 scrolls of immolation
 O - 5 scrolls of vulnerability
 P - a scroll of brand weapon
 T - 7 scrolls of amnesia
 V - 4 scrolls of identify
Potions
 f - 6 potions of mutation
 o - 4 potions of attraction
 s - 7 potions of ambrosia
 t - 6 potions of brilliance
 w - 4 potions of curing
 x - 3 potions of magic
 z - 4 potions of haste
 G - 2 potions of cancellation
 I - 2 potions of berserk rage
 K - 8 potions of lignification
 L - 5 potions of degeneration
 W - 2 potions of invisibility
 Z - a potion of might
Miscellaneous
 c - a phantom mirror
 m - a lightning rod (4/4)
 H - a box of beasts
 U - a condenser vane (inert)


   Skills:
 + Level 12.2 Fighting
 - Level 20.0 Long Blades
 - Level 10.0 Crossbows
 + Level 16.1 Armour
 - Level 8.0 Dodging
 - Level 2.0 Stealth
 * Level 22.9 Shields
 + Level 14.2 Invocations
 - Level 5.0 Evocations


You had 20 spell levels left.
You didn't know any spells.
Your spell library contained the following spells:

 Spells                   Type           Power      Damage    Failure   Level
 Magic Dart               Conj           0%         1d3       100%        1
 Shock                    Conj/Air       0%         1d3       100%        1
 Sting                    Tmut/Pois      0%         1d3       100%        1
 Summon Small Mammal      Summ           0%         N/A       100%        1
 Call Imp                 Summ           0%         N/A       100%        2
 Corpse Rot               Necr/Air       0%         N/A       100%        2
 Poisonous Vapours        Pois/Air       0%         N/A       100%        2
 Sublimation of Blood     Necr           0%         N/A       100%        2
 Wereblood                Tmut           0%         N/A       100%        2
 Call Canine Familiar     Summ           0%         N/A       100%        3
 Confusing Touch          Hex            0%         N/A       100%        3
 Dazzling Flash           Conj/Hex       0%         N/A       100%        3
 Gell's Gravitas          Tloc           0%         N/A       100%        3
 Inner Flame              Hex/Fire       0%         N/A       100%        3
 Lesser Beckoning         Tloc           0%         N/A       100%        3
 Mephitic Cloud           Conj/Pois/Air  0%         N/A       100%        3
 Ozocubu's Armour         Ice            0%         N/A       100%        3
 Portal Projectile        Hex/Tloc       0%         N/A       100%        3
 Spider Form              Tmut/Pois      0%         N/A       100%        3
 Summon Guardian Golem    Hex/Summ       0%         N/A       100%        3
 Teleport Other           Tloc           0%         N/A       100%        3
 Tukima's Dance           Hex            0%         N/A       100%        3
 Hailstorm                Conj/Ice       0%         3d3       100%        4
 Ice Form                 Ice/Tmut       0%         N/A       100%        4
 Leda's Liquefaction      Hex/Erth       0%         N/A       100%        4
 Olgreb's Toxic Radiance  Pois           0%         N/A       100%        4
 Passage of Golubria      Tloc           0%         N/A       100%        4
 Petrify                  Tmut/Erth      0%         N/A       100%        4
 Summon Lightning Spire   Summ/Air       0%         N/A       100%        4
 Agony                    Necr           0%         N/A       100%        5
 Blade Hands              Tmut           0%         N/A       100%        5
 Borgnjor's Vile Clutch   Necr/Erth      0%         N/A       100%        5
 Excruciating Wounds      Necr           0%         N/A       100%        5
 Irradiate                Conj/Tmut      0%         3d14      100%        5
 Lee's Rapid Deconstruct  Erth           0%         3d5*      100%        5
 Manifold Assault         Tloc           0%         N/A       100%        5
 Metabolic Englaciation   Hex/Ice        0%         N/A       100%        5
 Silence                  Hex/Air        0%         N/A       100%        5
 Summon Forest            Summ/Tloc      0%         N/A       100%        5
 Summon Mana Viper        Hex/Summ       0%         N/A       100%        5
 Yara's Violent Unravell  Hex/Tmut       0%         3d3       100%        5
 Conjure Ball Lightning   Conj/Air       0%         3x3d6     100%        6
 Simulacrum               Ice/Necr       0%         N/A       100%        6
 Statue Form              Tmut/Erth      0%         N/A       100%        6
 Summon Cactus Giant      Summ           0%         N/A       100%        6
 Enfeeble                 Hex            0%         N/A       100%        7
 Ozocubu's Refrigeration  Ice            0%         4d5       100%        7
 Storm Form               Tmut/Air       0%         N/A       100%        7
 Summon Hydra             Summ           0%         N/A       100%        7
 Ignition                 Fire           0%         3d3       100%        8
 Lehudib's Crystal Spear  Conj/Erth      0%         10d2      100%        8
 Maxwell's Capacitive Co  Air            0%         ∞         100%        8
 Necromutation            Tmut/Necr      0%         N/A       100%        8
 Chain Lightning          Conj/Air       0%         N/A       100%        9
 Fire Storm               Conj/Fire      0%         5d1       100%        9
 Shatter                  Erth           0%         3d5*      100%        9
 Blink                    Tloc           Unusable   N/A       N/A         2

Dungeon Overview and Level Annotations

Branches:
Dungeon (15/15)            Temple (0/1) D:6            Lair (6/6) D:11
  Swamp (4/4) Lair:2       Spider (4/4) Lair:3        Slime (0/5) Lair:5
    Orc (2/2) D:9             Elf (3/3) Orc:2        Vaults (0/5) D:13
 Depths (1/4) D:15          IceCv (visited)         Gauntlet (visited)

Altars:
Cheibriados
Dithmenos
Fedhas
Sif Muna
Trog
Wu Jian
Xom
Yredelemnul
Zin
The Shining One
Beogh
Jiyva

Shops:
Orc:2 **(![   Elf:2 :[   Elf:3 *

Portals:
Trove: D:12 (show abyssal rune of Zot)

Annotations:
D:7 1 transporter, corrupted
D:11 2 transporters, corrupted
Elf:3 corrupted


Innate Abilities, Weirdness & Mutations

You cannot be hasted, slowed, berserked, paralysed or teleported.
You can dig through walls and to a lower floor.
You have a pair of large antennae on your head. (SInv)
Your four strong arms can wield two-handed weapons with a shield.
Your body sometimes deteriorates upon taking damage.
Your muscles are strong. (Str +2)


Message History

The lich points at you and mumbles some strange words.
The bolt of cold hits you. You resist.
The lich is lost in a daze.
The lich is engulfed in freezing vapours. x2
The lich is lost in a daze.
The lich is engulfed in freezing vapours.
The lich is lost in a daze.
The lich is engulfed in seething chaos.
The lich seems to slow down.
The lich is lost in a daze.
Aiming: Iceblast
Press: ? - help, Shift-Dir - straight line, f/p - lich
Aim: a lich (freezing vapour, almost destroyed, dazed)
The mass of ice explodes!
The iceblast engulfs the lich.
The lich partially resists.
The lich is almost destroyed.
The iceblast engulfs the lich!
The lich partially resists.
The lich is almost destroyed.
The iceblast engulfs the lich!
The lich partially resists.
The lich is severely damaged.
You are engulfed in dark miasma.
Your stasis prevents you from being slowed.
You feel very sick.
The ice dragon is engulfed in freezing vapours.
The lich is engulfed in freezing vapours.
The lich gestures at you while chanting.
The bolt of cold misses the lich.
The bolt of cold hits you!! You resist.
* * * LOW HITPOINT WARNING * * *
The lich is engulfed in freezing vapours. x2
The lich is engulfed in seething chaos.
The lich is lost in a daze.
Unknown command.
Unknown command.
You chop the lich into pieces!!! You burn the lich.
You destroy the lich!
That felt strangely unrewarding.
You are engulfed in dark miasma.
You are more poisoned.
* * * LOW HITPOINT WARNING * * *
x2 You feel extremely sick.
The lich is engulfed in freezing vapours.
The lich gestures at you while chanting.
The bolt of cold hits the lich.
The lich resists.
The bolt of cold hits you!! You resist.
You die...

.# # #..#...# # .
#.##§.#.##§§§§
#§..##... ##○§§§§
###.......###§§§§.#
#.. ..#..###§§§L§#
.. #..#.L+LD§§#
#....+L§§# ##..#§§#
#.#∩@§§# ...#.##.#
..#... .. .....#...
#.# #.#....#..# #
###.. # ## ... #
..#


You could see an ice dragon (strong) and 4 liches.

Vanquished Creatures
  Bai Suzhen (Spider:3)
  Arachne (Spider:3)
  A bone dragon (Abyss:3)
  Rupert (D:12)
  Jorgrun (D:13)
  A hellephant (Abyss:3)
  4 liches (Abyss:3)
  A deep elf blademaster (Elf:2)
  Mlioglotl (Spider:1)
  A deep elf master archer (Elf:1)
  8 tentacled starspawn
  An Executioner (Abyss:3)
  A thorn hunter (Swamp:4)
  Kirke (Spider:2)
  Roxanne (Spider:3)
  Donald (Spider:3)
  3 deep elf sorcerers (Elf:3)
  Aizul (Spider:3)
  Louise (Elf:1)
  6 ghost moths
  2 cacodemons (Abyss:2)
  8 emperor scorpions
  A broodmother (Spider:3)
  3 ghouls (Swamp:3)
  A draconian annihilator (Abyss:3)
  2 very ugly things
  A black draconian (Abyss:3)
  7 eleionomae
  A red draconian (Abyss:3)
  2 entropy weavers (Spider:1)
  4 deep elf demonologists
  6 bunyips
  A lorocyproca (Abyss:3)
  A minotaur (Gauntlet)
  A spark wasp (Spider:4)
  3 deep elf annihilators
  A green death (Abyss:3)
  An ettin (D:15)
  2 deep elf death magi (Elf:3)
  3 fire dragons
  A great orb of eyes (Abyss:3)
  Fannar (D:10)
  A deep elf high priest (Elf:1)
  2 ice dragons
  3 boulder beetles
  2 catoblepae
  2 ghost crabs
  A vault guard (D:13)
  The ghost of Cancer the Geomancer, a journeyman GrEE of Vehumet (D:12)
  A spriggan air mage (D:15)
  A spriggan skeleton (Abyss:3)
  18 hydras
  2 ogre magi (Abyss:3)
  25 dancing weapons
  7 alligators
  5 centaur warriors
  A two-headed ogre (D:9)
  6 death yaks
  A deep troll earth mage (D:15)
  2 tengu warriors
  3 death knights
  3 orc high priests (Orc:2)
  3 thrashing horrors
  19 deep elf knights
  3 wretched stars (Abyss:3)
  2 spatial maelstroms (Abyss:3)
  A fire crab (shapeshifter) (D:15)
  7 pharaoh ants
  2 sixfirhies (Abyss:3)
  A fire crab (Swamp:4)
  17 large abominations
  A goliath frog (Swamp:1)
  2 glowing orange brains
  3 steelbarb worms (Spider:1)
  3 spriggan druids
  6 swamp dragons
  A death drake (shapeshifter) (Abyss:3)
  A deep troll (D:15)
  28 starcursed masses
  7 orb spiders
  15 deep elf archers
  A phantasmal warrior (D:14)
  2 lindwurms
  7 bog bodies
  2 necromancers
  An obsidian statue (Gauntlet)
  33 deep elf zephyrmancers
  33 deep elf pyromancers
  A harpy (D:10)
  An orc sorcerer (Orc:2)
  A mana viper (Abyss:3)
  An iron giant skeleton (Abyss:3)
  2 moths of wrath
  3 manticores
  3 will-o-the-wisps
  22 elephants
  A shining eye (Abyss:3)
  20 ugly things
  24 wolf spiders
  A manticore (shapeshifter) (D:15)
  5 cyclopes
  3 worldbinders
  Maurice (D:9)
  2 black mambas
  6 smoke demons
  6 torpor snails
  An eye of devastation (Abyss:3)
  3 orange demons
  2 apocalypse crabs (Abyss:3)
  3 unseen horrors
  2 gargoyles
  5 kobold demonologists
  3 yaktaurs
  Maggie (D:7)
  6 demonic crawlers
  10 cane toads
  A rime drake (Lair:5)
  4 efreet
  4 tengu conjurers
  16 komodo dragons
  6 freezing wraiths
  A red devil (Abyss:3)
  4 ancient zymes
  4 anaconda simulacra (IceCv)
  3 polar bears (Lair:6)
  11 hornets
  8 trolls
  5 tyrant leeches
  A raiju (shapeshifter) (Elf:3)
  6 slime creatures
  32 tarantellas
  7 small abominations
  A harpy skeleton (Abyss:3)
  13 raiju
  8 dream sheep
  16 blink frogs
  18 culicivoras
  5 air elementals
  21 jumping spiders
  19 spriggans
  Sigmund (D:4)
  4 shadows
  4 water elementals
  A centaur simulacrum (D:12)
  30 yaks
  A vampire (D:11)
  5 wyverns
  9 fire bats
  2 ynoxinuls (Abyss:3)
  2 hogs (Spider:2)
  7 wraiths
  5 golden eyes
  A human (shapeshifter) (D:15)
  2 basilisks
  13 chaos spawn (Abyss:3)
  2 neqoxecs (Abyss:3)
  2 fire elementals
  3 steam dragons
  Menkaure (D:7)
  36 redbacks
  37 vampire mosquitoes
  A harpy simulacrum (IceCv)
  5 wargs
  Edmund (D:1)
  A spatial vortex (Abyss:3)
  2 acid dragons (D:9)
  22 swamp worms
  15 water moccasins
  26 orc warriors
  A black bear (shapeshifter) (Elf:1)
  8 swamp drakes
  2 alligator simulacra (IceCv)
  4 necrophages
  2 ice beasts
  5 ogres
  5 black bears
  3 centaurs
  21 wolves
  4 boggarts (Lair:6)
  7 kobold brigands
  14 bullfrogs
  5 earth elementals
  A scorpion (Orc:1)
  A wyvern skeleton (D:6)
  A water moccasin skeleton (D:4)
  12 killer bees
  A lindwurm simulacrum (IceCv)
  3 wights (D:10)
  2 electric eels
  4 howler monkeys
  A bullfrog zombie (D:5)
  A lava snake (D:14)
  A quasit (Abyss:3)
  A centaur skeleton (D:4)
  3 jellies
  28 orc priests
  A hound (D:5)
  2 iron imps (Abyss:3)
  7 iguanas
  11 hell rats (Lair:4)
  22 orc wizards
  A hound skeleton (D:2)
  11 gnolls
  A howler monkey skeleton (D:7)
  3 adders
  2 shadow imps (D:7)
  3 white imps
  3 ufetubi
  2 adder skeletons
  2 dart slugs
  83 orcs
  6 bats
  6 endoplasms
  A giant cockroach (D:1)
  2 goblins
  7 hobgoblins
  11 jackals
  4 quokkas
  3 training dummies (Elf:1)
  13 ball pythons
  5 frilled lizards
  27 kobolds
  10 rats
  13 starspawn tentacles
1375 creatures vanquished.

Vanquished Creatures (collateral kills)
  A thorn hunter (Swamp:4)
  An emperor scorpion (Spider:2)
  A fire crab (Swamp:4)
  An orb spider (Spider:3)
  A wolf spider (Spider:1)
  A tarantella (Spider:1)
  A fire elemental (Elf:2)
7 creatures vanquished.

Vanquished Creatures (others)
  A deep elf blademaster (Elf:3)
  5 deep elf sorcerers (Elf:3)
  3 deep elf elementalists (Elf:3)
  A very ugly thing (IceCv)
  3 deep elf demonologists (Elf:3)
  3 deep elf annihilators (Elf:3)
  5 deep elf death magi (Elf:3)
  The ghost of finalsalamander the Tainter, a journeyman NaWn of Gozag (D:11)
  A fire dragon (D:11)
  2 deep elf high priests (Elf:3)
  A dancing weapon (Elf:3)
  2 deep elf knights
  2 deep elf archers (Elf:3)
  An orange crystal statue (IceCv)
  A wizard (D:15)
  3 deep elf pyromancers
  2 deep elf zephyrmancers (Elf:3)
  A moth of wrath (D:11)
  2 freezing wraiths (IceCv)
  A bloated husk (Swamp:3)
  2 wolf spider simulacra (D:7)
  A fire bat (Abyss:3)
  A steam dragon (Swamp:4)
  4 humans (Spider:2)
  A redback (D:11)
  3 swamp drakes (Swamp:4)
  A meliai simulacrum (D:7)
  3 ice beasts (D:7)
  5 killer bees (D:11)
  A starcursed mass (Elf:3)
  An orc (D:9)
  A briar patch (Swamp:4)
  19 demonic plants
  9 foxfires
  69 fungi
  A lurking horror (Abyss:3)
  77 plants
  23 starspawn tentacles
263 creatures vanquished.

Grand Total: 1645 creatures vanquished

Notes
Turn   | Place    | Note
-------+----------+-------------------------------------------
     0 | Abyss:1  | browni3141 the Formicid Abyssal Knight began the quest for
                  | the Orb.
     0 | Abyss:1  | Reached XP level 1. HP: 18/18 MP: 2/2
    59 | D:1      | Escaped the Abyss
    95 | D:1      | Reached skill level 1 in Dodging
   440 | D:1      | Reached XP level 2. HP: 20/24 MP: 3/3
   441 | D:1      | Reached skill level 1 in Stealth
   478 | D:1      | Reached * piety under Lugonu
   527 | D:1      | Found a faded altar of an unknown god.
   958 | D:1      | Reached XP level 3. HP: 20/29 MP: 4/4
  1816 | D:2      | Reached XP level 4. HP: 35/35 MP: 5/5
  2094 | D:2      | Reached ** piety under Lugonu
  2791 | D:3      | Reached XP level 5. HP: 41/41 MP: 6/6
  2854 | D:3      | Found a shimmering altar of Xom.
  3542 | D:4      | Reached skill level 5 in Long Blades
  3543 | D:4      | Found a basalt altar of Yredelemnul.
  3544 | D:4      | Noticed Sigmund
  3921 | D:4      | You fall into a shaft and drop 1 floor!
  3921 | D:5      | Entered Level 5 of the Dungeon
  4053 | D:5      | Reached XP level 6. HP: 42/47 MP: 7/7
  4225 | D:5      | Reached *** piety under Lugonu
  4288 | D:5      | Reached XP level 7. HP: 43/52 MP: 8/8
  5293 | D:4      | Noticed Edmund
  5999 | D:1      | Killed Edmund
  6000 | D:1      | Reached XP level 8. HP: 58/58 MP: 9/9
  6305 | D:4      | Killed Sigmund
  6970 | D:6      | Found a glowing golden altar of the Shining One.
  7313 | D:6      | Reached **** piety under Lugonu
  7397 | D:6      | Found a staircase to the Ecumenical Temple.
  7445 | D:6      | Reached XP level 9. HP: 48/66 MP: 11/11
  7926 | D:7      | Found a transporter.
  7966 | D:7      | Found a transporter.
  8012 | D:7      | Noticed Maggie
  8015 | D:7      | Noticed Menkaure
  8213 | D:7      | Reached skill level 5 in Fighting
  8288 | D:7      | Killed Menkaure
  8322 | D:7      | Killed Maggie
  8323 | D:7      | Reached skill level 10 in Long Blades
  8323 | D:7      | Reached skill level 5 in Invocations
  8346 | D:7      | Reached skill level 5 in Armour
  9150 | D:7      | Reached XP level 10. HP: 62/76 MP: 14/14
  9705 | D:8      | Reached skill level 1 in Evocations
 10447 | D:7      | You fall into a shaft and drop 2 floors!
 10462 | D:9      | Noticed a kobold demonologist
 10464 | D:9      | Noticed a soul eater
 10479 | D:10     | Entered Level 10 of the Dungeon
 10654 | D:9      | Killed a kobold demonologist
 10761 | D:9      | Noticed a two-headed ogre
 10786 | D:9      | Killed a two-headed ogre
 10791 | D:9      | Reached ***** piety under Lugonu
 11406 | D:9      | Noticed a tengu warrior
 11407 | D:9      | Noticed a tengu warrior
 11497 | D:7      | a tengu warrior changed into a golden eye
 11615 | D:8      | Reached skill level 1 in Shields
 11848 | D:8      | Noticed a gargoyle
 11944 | D:8      | Killed a gargoyle
 11945 | D:8      | Reached skill level 3 in Shields
 12429 | D:9      | Reached skill level 4 in Shields
 12733 | D:9      | Noticed Maurice
 12748 | D:9      | Killed Maurice
 12749 | D:9      | Reached skill level 5 in Shields
 12749 | D:9      | Reached XP level 11. HP: 78/83 MP: 16/16
 12834 | D:9      | Banished a tengu warrior
 12835 | D:9      | Reached skill level 7 in Shields
 13349 | D:9      | Found a staircase to the Orcish Mines.
 13980 | D:9      | Reached skill level 8 in Shields
 14002 | Orc:1    | Entered Level 1 of the Orcish Mines
 14023 | Orc:1    | Noticed a cyclops
 14060 | Orc:1    | Killed a cyclops
 14284 | Orc:1    | Found a bloodstained altar of Trog.
 14293 | Orc:1    | Reached skill level 9 in Shields
 14840 | Orc:2    | Entered Level 2 of the Orcish Mines
 14840 | Orc:2    | Noticed an orc sorcerer
 14840 | Orc:2    | Found a staircase to the Elven Halls.
 14842 | Orc:2    | Killed an orc sorcerer
 14905 | Orc:1    | Reached skill level 10 in Shields
 15464 | Orc:2    | Found Teuckoka's Overcharged Wands.
 15484 | Orc:2    | Noticed an orc warlord
 15508 | Orc:2    | Banished an orc warlord
 15509 | Orc:2    | Reached skill level 11 in Shields
 16457 | Orc:2    | Noticed an orc high priest
 16463 | Orc:2    | Killed an orc high priest
 16464 | Orc:2    | Reached XP level 12. HP: 91/91 MP: 17/17
 16599 | Orc:2    | Noticed an orc high priest
 16600 | Orc:2    | Noticed a sun demon
 16639 | Orc:2    | Killed an orc high priest
 17038 | Orc:2    | Noticed an orc high priest
 17217 | Orc:2    | Noticed a sun demon
 17241 | Orc:2    | Killed an orc high priest
 17435 | Orc:2    | Found Taockong's Distillery.
 17435 | Orc:2    | Found Queffink's Assorted Antiques.
 17436 | Orc:2    | Found Fuxisoe's Antique Weapon Shoppe.
 17440 | Orc:2    | Found Ymokih's Armour Emporium.
 17443 | Orc:2    | Bought a potion of curing for 42 gold pieces
 17443 | Orc:2    | Bought a potion of curing for 42 gold pieces
 17443 | Orc:2    | Bought a potion of lignification for 42 gold pieces
 17446 | Orc:2    | Bought a scorched hand crossbow for 204 gold pieces
 17446 | Orc:2    | Identified the +7 hand crossbow of Crystal {elec, rElec
                  | rCorr Str+3 Int+3} (You bought it in a shop on level 2 of
                  | the Orcish Mines)
 17456 | Orc:2    | Noticed an orc high priest
 17472 | Orc:2    | Banished an orc high priest
 18245 | D:10     | Found a shadowy altar of Dithmenos.
 18362 | D:7      | Corrupted D:7
 18362 | D:7      | Noticed a spatial maelstrom
 18362 | D:7      | Noticed a tentacled starspawn
 18362 | D:7      | Noticed a thrashing horror
 18362 | D:7      | Noticed a hellephant
 18362 | D:7      | Noticed a large abomination
 18362 | D:7      | Noticed a rakshasa
 18362 | D:7      | Noticed a starcursed mass
 18364 | D:7      | Noticed a sun demon
 18388 | D:7      | Noticed a lich
 18466 | D:7      | Identified the -3 pair of gloves of the Arena {rF+}
 18858 | D:10     | Noticed Fannar
 19302 | D:10     | Noticed Joseph
 19304 | D:10     | Noticed Joseph
 19304 | D:10     | Joseph changed into Joseph the harpy
 19320 | D:10     | Killed Joseph the harpy
 19360 | D:9      | Reached skill level 12 in Shields
 19390 | D:9      | Reached skill level 5 in Evocations
 19704 | D:10     | Killed Fannar
 19712 | D:10     | Reached XP level 13. HP: 80/98 MP: 20/20
 19814 | D:10     | Found a snail-covered altar of Cheibriados.
 20002 | D:10     | Found a blossoming altar of Fedhas.
 20177 | D:11     | Reached skill level 10 in Invocations
 20527 | D:11     | Found a staircase to the Lair.
 21289 | D:11     | Found a transporter.
 21297 | D:11     | Noticed finalsalamander's ghost (journeyman NaWn)
 21391 | D:11     | Found a transporter.
 21395 | D:11     | Noticed a fire dragon
 21840 | Lair:1   | Entered Level 1 of the Lair of Beasts
 22049 | Lair:1   | Reached skill level 10 in Fighting
 23081 | Lair:2   | Noticed a catoblepas
 24473 | Lair:2   | Killed a catoblepas
 24830 | Lair:2   | Found a staircase to the Swamp.
 25468 | Lair:3   | Reached XP level 14. HP: 81/113 MP: 21/21
 25861 | Lair:3   | Reached skill level 1 in Crossbows
 26075 | Lair:3   | Found a hole to the Spider Nest.
 27300 | Lair:4   | Found a glowing silver altar of Zin.
 27333 | Lair:4   | Reached skill level 5 in Dodging
 27751 | Lair:4   | Reached skill level 5 in Crossbows
 28887 | Lair:5   | Found a runed translucent door.
 28890 | Lair:5   | Found a viscous altar of Jiyva.
 28890 | Lair:5   | Found a staircase to the Slime Pits.
 29025 | Lair:5   | Found a runed translucent door.
 29126 | Lair:5   | Found the brooch of Shielding {Spirit SH+8}
 30246 | Lair:6   | Entered Level 6 of the Lair of Beasts
 30572 | Lair:5   | Reached XP level 15. HP: 82/120 MP: 18/22
 30720 | Lair:5   | Reached ****** piety under Lugonu
 31126 | Orc:2    | Bought +0 gold dragon scales for 1280 gold pieces
 32089 | Lair:6   | Reached skill level 10 in Crossbows
 32537 | Lair:6   | Reached skill level 10 in Armour
 32833 | Spider:1 | Entered Level 1 of the Spider Nest
 32917 | Spider:1 | Noticed Mlioglotl
 32927 | Spider:1 | Killed Mlioglotl
 32955 | Spider:1 | Found a frozen archway.
 33126 | IceCv    | Entered an ice cave
 33126 | IceCv    | Noticed a white very ugly thing
 33127 | IceCv    | Banished a white very ugly thing
 33364 | IceCv    | Found a transporter.
 33368 | IceCv    | Noticed a white very ugly thing
 33375 | IceCv    | Found a transporter.
 33382 | IceCv    | Corrupted IceCv
 33382 | IceCv    | Noticed a tentacled starspawn
 33383 | IceCv    | Noticed a tentacled starspawn
 33390 | IceCv    | Killed a white very ugly thing
 33517 | IceCv    | Identified the +8 spear "Dighanig" {vorpal, Drain Will+++
                  | Str+3}
 34040 | Spider:1 | You fall into a shaft and drop 1 floor!
 34041 | Spider:2 | Noticed Kirke
 34042 | Spider:2 | Noticed an emperor scorpion
 34062 | Spider:2 | Killed Kirke
 34079 | Spider:2 | Reached XP level 16. HP: 83/127 MP: 18/24
 34095 | Spider:2 | Killed an emperor scorpion
 34879 | Spider:2 | Noticed an emperor scorpion
 34938 | Spider:2 | Killed an emperor scorpion
 38367 | Spider:3 | Noticed Aizul
 38412 | Spider:3 | Killed Aizul
 38421 | Spider:3 | HP: 6/127 [poisoned by Aizul (bolt of poison)]
 39062 | Spider:3 | Noticed an emperor scorpion
 39092 | Spider:3 | Killed an emperor scorpion
 39751 | Spider:3 | Reached skill level 15 in Armour
 40983 | Spider:3 | Noticed Roxanne
 41021 | Spider:3 | Killed Roxanne
 41022 | Spider:3 | Reached XP level 17. HP: 133/133 MP: 26/26
 41025 | Spider:3 | Noticed Donald
 41042 | Spider:3 | Killed Donald
 41239 | Spider:4 | Entered Level 4 of the Spider Nest
 41470 | Spider:4 | Noticed Arachne
 41511 | Spider:3 | Killed Arachne
 41924 | Spider:4 | Noticed Bai Suzhen
 42218 | Spider:3 | Killed Bai Suzhen
 42819 | Spider:4 | HP: 6/130 [poisoned by an emperor scorpion]
 43758 | Spider:4 | Reached skill level 13 in Shields
 45254 | Spider:4 | Got a gossamer rune of Zot
 45585 | Swamp:1  | Entered Level 1 of the Swamp
 45949 | Swamp:1  | Reached skill level 15 in Long Blades
 47004 | Swamp:2  | Reached XP level 18. HP: 95/140 MP: 9/28
 48154 | Swamp:3  | Reached skill level 14 in Shields
 49150 | Swamp:4  | Entered Level 4 of the Swamp
 50430 | Swamp:4  | Got a decaying rune of Zot
 51330 | D:12     | Found a runed translucent door.
 51330 | D:12     | Found a shimmering altar of Xom.
 51330 | D:12     | Noticed Cancer's ghost (journeyman GrEE)
 51355 | D:12     | Noticed Rupert
 51375 | D:12     | Killed Rupert
 51410 | D:12     | Found a gate leading to a gauntlet.
 51431 | Gauntlet | Entered a Gauntlet
 51431 | Gauntlet | Found a transporter.
 51431 | Gauntlet | Found a transporter.
 51435 | Gauntlet | Found a transporter.
 51442 | Gauntlet | Found a transporter.
 51460 | Gauntlet | Found a transporter.
 51464 | Gauntlet | Found a transporter.
 51483 | Gauntlet | Found a transporter.
 51489 | Gauntlet | Found a large runed translucent door.
 51490 | Gauntlet | Found a large runed translucent door.
 51496 | Gauntlet | Found a transporter.
 51497 | Gauntlet | Found a transporter.
 51509 | Gauntlet | Found a transporter.
 51511 | Gauntlet | Found a runed translucent gate.
 51513 | Gauntlet | Found a transporter.
 51513 | Gauntlet | Found a large runed translucent door.
 51514 | Gauntlet | Found a large runed translucent door.
 51515 | Gauntlet | Found a large runed translucent door.
 51515 | Gauntlet | Found a large runed translucent door.
 51515 | Gauntlet | Found a runed translucent door.
 51516 | Gauntlet | Found a large runed translucent door.
 51517 | Gauntlet | Found a large runed translucent door.
 51519 | Gauntlet | Found a runed translucent gate.
 51520 | Gauntlet | Found a transporter.
 51520 | Gauntlet | Found a runed translucent gate.
 51520 | Gauntlet | Found a runed translucent door.
 51686 | Gauntlet | Found a transporter.
 51700 | Gauntlet | Found a transporter.
 51717 | Gauntlet | Found a large runed translucent door.
 51717 | Gauntlet | Found a large runed translucent door.
 51718 | Gauntlet | Found a large runed translucent door.
 51718 | Gauntlet | Found a large runed translucent door.
 51719 | Gauntlet | Found a large runed translucent door.
 51724 | Gauntlet | Found a large runed translucent door.
 51725 | Gauntlet | Found a large runed translucent door.
 51725 | Gauntlet | Found a large runed translucent door.
 51820 | Gauntlet | Found a transporter.
 51838 | Gauntlet | Found a transporter.
 51963 | Gauntlet | Reached XP level 19. HP: 146/146 MP: 26/29
 52016 | Gauntlet | Identified the amulet of Incredulity {rPois Will- Regen+
                  | Str+6}
 52198 | D:12     | Found a portal to a secret trove of treasure.
 52344 | D:12     | Identified the amulet "Miafof" {Reflect rElec Regen+ Str-2
                  | SH+5}
 52634 | D:12     | Got the Volume of the Frog
 52636 | D:12     | Got the Almanac of Bewitching Ignition
 52759 | D:12     | Found an ornate altar of the Wu Jian Council.
 53111 | D:12     | Killed Cancer's ghost
 53183 | D:11     | Corrupted D:11
 53189 | D:11     | Killed finalsalamander's ghost
 53414 | D:11     | Identified the ring "Tunwoss" {Fly rC+ rN+ Will- SInv}
 53537 | Elf:1    | Entered Level 1 of the Elven Halls
 53771 | Elf:1    | Reached skill level 15 in Shields
 54210 | Elf:1    | Reached skill level 16 in Shields
 54530 | Elf:1    | Noticed an Ice Fiend
 54739 | Elf:1    | Reached skill level 17 in Shields
 54872 | Elf:1    | Noticed Louise
 54907 | Elf:1    | Killed Louise
 55647 | Elf:2    | Found a runed translucent gate.
 55647 | Elf:2    | Found a runed translucent gate.
 55647 | Elf:2    | Found a runed translucent gate.
 55808 | Elf:2    | Reached skill level 18 in Shields
 55814 | Elf:2    | Found Azozi's Book Shop.
 55814 | Elf:2    | Found Kaego's Antique Armour Shoppe.
 56179 | Elf:2    | Reached XP level 20. HP: 117/153 MP: 25/30
 56596 | Elf:2    | Reached skill level 19 in Shields
 56870 | Elf:3    | Entered Level 3 of the Elven Halls
 57122 | Elf:3    | Reached skill level 20 in Shields
 57256 | Elf:3    | Found Curoxko's Assorted Antiques.
 57295 | Elf:3    | Cast into level 2 of the Abyss (a deep elf sorcerer)
 57296 | Abyss:2  | Found a corrupted altar of Lugonu.
 57560 | Abyss:2  | Gained mutation: Your body sometimes deteriorates upon
                  | taking damage. [a cacodemon]
 57687 | Abyss:2  | Gained mutation: Your muscles are strong. (Str +2) [a
                  | cacodemon]
 57733 | Abyss:3  | Found a bloodstained altar of Trog.
 58205 | Abyss:3  | Noticed a bone dragon
 58221 | Abyss:3  | Killed a bone dragon
 58589 | Abyss:3  | Noticed a hellephant
 58617 | Abyss:3  | Killed a hellephant
 59113 | Abyss:3  | Noticed a Tzitzimitl
 59124 | Elf:3    | Escaped the Abyss
 59143 | Elf:3    | Corrupted Elf:3
 59143 | Elf:3    | Noticed a bone dragon
 59349 | Elf:3    | Identified the ring "Pewop" {rF+ rC+ rCorr SInv}
 59368 | Elf:3    | Reached skill level 21 in Shields
 59412 | Elf:3    | Identified the +4 glaive "Kaha Moo" {vorpal, Dex+2 Stlth+}
 59412 | Elf:3    | Identified the amulet "Roc Ukkem" {RegenMP Rampage +Blink
                  | rF+}
 59535 | Elf:3    | Identified the +9 rapier "Jellyslayer" {vorpal, rCorr Int+5
                  | Dex+2}
 59577 | Elf:3    | Got Sif Muna's Incunabulum of the Feathery Rocks
 59580 | Elf:3    | Identified the +4 ring mail of Atheism {Rampage rC+++ Dex-5
                  | Slay-3}
 59610 | Elf:3    | Identified the +4 scale mail "Yriytz" {Contam rF+ rC+
                  | Regen+}
 59625 | Elf:3    | Got the Compendium of Toxic Dark Magic
 59635 | Elf:3    | Identified the ring of the Tempest {+Blink rN+ MP-9 Str+2}
 60413 | D:13     | Noticed Jorgrun
 60420 | D:13     | Killed Jorgrun
 60456 | D:13     | Found a gate to the Vaults.
 60756 | D:13     | Reached skill level 22 in Shields
 61169 | D:13     | Identified the +0 buckler of Lies {-Tele rC+ rCorr SInv}
 61249 | D:14     | Identified the ring of Upithifikk {Will+ rCorr Int-5 SInv}
 61477 | D:14     | Got the Collected Works on Supportive Arcane Weapons
 62022 | D:15     | Entered Level 15 of the Dungeon
 62384 | D:15     | Reached XP level 21. HP: 133/159 MP: 31/31
 62445 | D:15     | Found a staircase to the Depths.
 62547 | D:15     | Found a blossoming altar of Fedhas.
 63211 | Depths:1 | Entered Level 1 of the Depths
 63268 | Depths:1 | Found a shimmering blue altar of Sif Muna.
 63508 | Depths:1 | Cast into level 2 of the Abyss (a wizard)
 63628 | Abyss:3  | Killed from afar by a lich

Illustrated notes

Levels and vault maps discovered:
D:1:      dpeg_arrival_stonehenge_8_columns, layout_loops_corners,
          ebering_ecumenical_altar_abandoned, kennysheep_small_spiral,
          kennysheep_minor_cross, minmay_bisected
D:2:      layout_basic
D:3:      layout_basic, mainiacjoe_overflow_small_starburst,
          lexackson_kobold_supper
D:4:      layout_loops_ring, old_standard_altar, uniq_sigmund, uniq_edmund
D:5:      layout_loops_corners, nicolae_concentric_dashed_squares_mild
D:6:      layout_basic, mainiacjoe_overflow_concentric_impassable,
          minmay_temple_entry_junction_2, chequers_serial_rivers_micro_e,
          hangedman_decor_peaks_small
D:7:      gammafunk_cloud_chamber, layout_rooms, corexii_corridor_pit,
          chequers_serial_rivers_room_b, minmay_stone_trees_medium, uniq_maggie,
          uniq_menkaure
D:8:      layout_basic
D:9:      layout_basic, david_orc_5, uniq_maurice
D:10:     layout_cross, lemuel_crystal_altar,
          mainiacjoe_overflow_catwalk_spiral, uniq_fannar, uniq_joseph
D:11:     layout_basic, david_lair_generic, gammafunk_ghost_berserking_beasts
D:12:     minmay_the_grid_triangle_9x9_recursive_2
          [minmay_the_grid_triangle_9x9_prize_schism,
          minmay_the_grid_triangle_9x9_wacky_v,
          minmay_the_grid_triangle_9x9_from_above,
          minmay_the_grid_triangle_9x9_skeleton], layout_irregular_city,
          ebering_ghost_xom, nicolae_trove_entry_diagonal,
          gauntlet_entry_generic, nicolae_wu_jian_wuxing_cycle, uniq_rupert
D:13:     layout_gridville, david_vaults_5, uniq_jorgrun
D:14:     layout_basic, nicolae_lava_and_water
D:15:     hangedman_depths_entry_civil_slaughter, layout_basic, fedhas_altar_3
Lair:1:   layout_chaotic_city, lemuel_fruit_fields, serial_bayou_shore_b
Lair:2:   layout_loops_ring, nicolae_swamp_entry_splash_gauntlet
Lair:3:   layout_roguey, spider_nest_entry_web_field,
          eino_small_chamber_without_monster, lemuel_fruit_tree
Lair:4:   layout_loops_ring, basic_altar, serial_bayou_shore_b,
          lemuel_fruit_fields, infiniplex_staircase_pool_2
Lair:5:   layout_cave_pods, slime_altar_2, pf_torpor_hydra, grunt_megastairs_5
Lair:6:   minmay_lair_end_enchanted_forest, layout_regular_city
Swamp:1:  layout_basic_swamp, evilmike_swamp_ruin_rubble_1, water_boxes_lemuel
Swamp:2:  layout_basic_swamp, evilmike_swamp_ruin_house_1,
          nicolae_swamp_frolicking_bunyips
Swamp:3:  layout_falls_marsh, serial_swamp_ruin, evilmike_swamp_ruin_wall,
          evilmike_swamp_ruin_house_5, swamp_pool4
Swamp:4:  swamp_fiery, layout_basic_swamp, infiniplex_staircase_pool
Spider:1: layout_chambers, portal_ice_cave_entry_pillars_three,
          hangedman_spider_tarantella_strand, uniq_mlioglotl
Spider:2: layout_spider_delve, uniq_kirke
Spider:3: layout_spider_delve, uniq_aizul, uniq_roxanne, uniq_donald
Spider:4: grunt_spider_rune_circles, uniq_bai_suzhen, uniq_arachne
Orc:1:    layout_caves, trog_butcher_becter
Orc:2:    st_orc_mages, layout_caves, basic_altar,
          nicolae_shop_overcharged_wands
Elf:1:    minmay_elf_arrival_circle, layout_onion_city,
          kennysheep_underground_church, nicolae_elf_archery_training,
          uniq_louise
Elf:2:    elven_hall_of_blades_hangedman_original [mumra_blade_entry_dagger],
          layout_loops_corners, serial_shops, nicolae_shop_stone,
          nicolae_shop_crystal
Elf:3:    minmay_elf_hall_x, layout_geoelf_grid, serial_shops,
          nicolae_diamond_shop, grunt_megastairs_2
Depths:1: minmay_complete_graph, layout_honeycomb, grunt_hell_entry_dis_grunt,
          serial_shops, nicolae_shop_bloodbath_and_beyond,
          nicolae_sif_muna_condensation
Abyss:3:  base: Vaults:4, hangedman_stitches_earthworm,
          gammafunk_abyss_rune_reverse_zot, abyss_exit_lava,
          evilmike_abyss_exit_plants, due_exit_kobolds, base: Temple,
          due_evilmike_abyss_rune_seething_liches, evilmike_abyss_exit_10

Skill      XL: |  1  2  3  4  5  6  7  8  9 10 11 12 13 14 15 16 17 18 19 20 |
---------------+-------------------------------------------------------------+-----
Dodging        | 1 3 5 7 8 |  8.0
Stealth        | 2 |  2.0
Long Blades    | 3 4 5 6 8 9 10 11 12 13 14 15 18 19 20 | 20.0
Armour         | 3 5 6 7 8 12 15 16 | 16.1
Invocations    | 3 5 6 7 9 10 12 13 14 | 14.2
Fighting       | 4 5 6 7 8 11 12 | 12.2
Evocations     | 2 3 5 |  5.0
Shields        | 5 11 12 13 14 18 22 | 22.9
Crossbows      | 8 10 | 10.0

Action                   |  1- 3 |  4- 6 |  7- 9 | 10-12 | 13-15 | 16-18 | 19-21 || total
-------------------------+-------+-------+-------+-------+-------+-------+-------++-------
Melee: Falchion          |   127 |    33 |       |       |       |       |       ||   160
       Punch             |     1 |     1 |     6 |     4 |       |       |       ||    12
       Long sword        |       |    98 |   242 |   299 |       |       |       ||   639
       Scimitar          |       |       |       |   516 |  1728 |   779 |       ||  3023
       Great sword       |       |       |       |       |       |   764 |  1614 ||  2378
 Fire: Hunting sling     |       |    41 |    40 |    12 |       |       |       ||    93
       Shortbow          |       |     8 |    61 |       |       |       |       ||    69
       Hand crossbow     |       |       |       |     5 |    90 |   251 |    49 ||   395
       Arbalest          |       |       |       |     1 |       |       |       ||     1
Throw: Stone             |    16 |       |       |     8 |       |       |       ||    24
       Dart              |       |       |    11 |    27 |     4 |    35 |     8 ||    85
Invok: Depart the Abyss  |     1 |       |       |       |       |       |       ||     1
       Bend Space        |       |       |     1 |     7 |     1 |       |       ||     9
       Banish            |       |       |       |     9 |     2 |    20 |     2 ||    33
       Corrupt           |       |       |       |     1 |     1 |       |     2 ||     4
 Abil: Dig               |     1 |       |       |     2 |     7 |    11 |       ||    21
       Shaft Self        |       |     1 |       |     1 |       |       |       ||     2
Evoke: Wand              |       |       |    14 |    78 |    18 |    10 |    19 ||   139
       Condenser vane    |       |       |       |       |     1 |     3 |     3 ||     7
       Box of beasts     |       |       |       |       |     1 |     3 |     1 ||     5
       Phantom mirror    |       |       |       |       |     1 |     2 |       ||     3
  Use: Scroll            |       |     2 |     2 |     4 |    11 |    15 |    11 ||    45
       Potion            |       |       |       |     1 |     2 |    11 |     5 ||    19
 Stab: Distracted        |       |       |     1 |       |     1 |     1 |     2 ||     5
       Paralysed         |       |       |     8 |     3 |       |       |       ||    11
       Sleeping          |       |       |       |       |     1 |       |       ||     1
       Confused          |       |       |       |       |       |     5 |       ||     5
Armor: Leather armour    |    11 |       |       |       |       |       |       ||    11
       Chain mail        |    73 |    82 |    32 |       |       |       |       ||   187
       Ring mail         |       |       |   107 |   253 |   292 |       |       ||   652
       Gold dragon scale |       |       |       |       |   244 |  1062 |   413 ||  1719
Dodge: Dodged            |    72 |    38 |   148 |   219 |   341 |   424 |   257 ||  1499
Block: Other             |    16 |    25 |    62 |    31 |       |       |       ||   134
       Reflection        |       |     1 |     2 |    16 |     4 |    16 |   113 ||   152
       Kite shield       |       |       |       |   411 |  1352 |  1847 |   268 ||  3878
       Buckler           |       |       |       |    37 |       |       |       ||    37
       Tower shield      |       |       |       |       |       |       |  1297 ||  1297

Table legend: (Time is in decaauts)
 A = Elapsed time spent in this place.
 B = Non-inter-level travel time spent in this place.
 C = Inter-level travel time spent in this place.
 D = Time resting spent in this place.
 E = Time spent auto-exploring this place.
 F = Levels seen in this place.
 G = Mean time per level.
                   A        B        C        D        E       F      G
               +--------+--------+--------+--------+--------+-----+--------+
         Total |  62864 |  59410 |   3454 |  12897 |  31318 |  42 | 1496.8 |
       Dungeon |  22403 |  20834 |   1569 |   3227 |  12351 |  15 | 1493.5 |
          Lair |  10957 |  10177 |    780 |   1876 |   6269 |   6 | 1826.2 |
         Swamp |   5363 |   5238 |    125 |    787 |   3328 |   4 | 1340.8 |
   Spider Nest |  11947 |  11393 |    554 |   4976 |   4123 |   4 | 2986.8 |
  Orcish Mines |   4388 |   4103 |    285 |   1368 |   1858 |   2 | 2194.0 |
   Elven Halls |   4588 |   4448 |    140 |    290 |   2761 |   3 | 1529.3 |
        Depths |    162 |    162 |      0 |      0 |     77 |   1 |  162.0 |
         Abyss |   1882 |   1882 |      0 |    140 |    368 |   5 |  376.4 |
      Ice Cave |    426 |    426 |      0 |    230 |      0 |   1 |  426.0 |
      Gauntlet |    744 |    744 |      0 |      0 |    182 |   1 |  744.0 |
               +--------+--------+--------+--------+--------+-----+--------+

Top non-repeatable levels by time:
Spider:4: 3557 daAuts
Spider:2: 3376 daAuts
Spider:3: 3003 daAuts
     D:9: 2966 daAuts
   Orc:2: 2459 daAuts
  Lair:5: 2408 daAuts
  Lair:2: 2170 daAuts
  Lair:4: 2026 daAuts
    D:11: 2018 daAuts
Spider:1: 2010 daAuts
     D:1: 1933 daAuts
   Orc:1: 1929 daAuts
 Swamp:4: 1914 daAuts
     D:8: 1776 daAuts
     D:6: 1765 daAuts
